 Dungeon Crawl Stone Soup version 0.32-a0-12-g7fc57aa741 (webtiles) character file.

Game seed: 13282083752967727446

0 robertmeta the Conjurer (level 1, -4/10 HPs)
             Began as a Deep Elf Conjurer on Dec 19, 2023.
             Slain by a quokka (5 damage)
             ... on level 1 of the Dungeon on Jan 15, 2024.
             The game lasted 00:05:59 (144 turns).

robertmeta the Conjurer (Deep Elf Conjurer)          Turns: 144, Time: 00:06:01

Health: -4/10      AC:  2    Str:  4    XL:     1   Next: 8%
Magic:  6/6        EV: 12    Int: 22    God:
Gold:   29         SH:  0    Dex: 13    Spells: 5/6 levels left

rFire   . . .        (no weapon)
rCold   . . .        (no shield)
rNeg    . . .        a - +0 robe
rPois   .            (no helmet)
rElec   .            (no cloak)
rCorr   .            (no gloves)
SInv    .            (no boots)
Will    .....        (no amulet)
Stlth   ++           (no ring)
HPRegen 0.21/turn    (no ring)
MPRegen 0.10/turn

%: no passive effects
@: no status effects
A: no striking features
a: no special abilities


You were on level 1 of the Dungeon.
You visited 1 branch of the dungeon, and saw 1 of its levels.

You collected 29 gold pieces.

Inventory:

Armour
 a - a +0 robe (worn)
Scrolls
 b - a scroll of poison {unknown}


   Skills:
 + Level 2.4 Dodging
 + Level 2.4 Stealth
 + Level 3.0 Spellcasting
 + Level 4.4 Conjurations


You had 5 spell levels left.
You knew the following spells:

 Your Spells              Type           Power      Damage    Failure   Level
a - Magic Dart            Conj           88%        1d7       1%          1

Your spell library contained the following spells:

 Spells                   Type           Power      Damage    Failure   Level
 Searing Ray              Conj           44%        2d6       3%          2
 Dazzling Flash           Conj/Hex       26%        N/A       16%         3
 Fulminant Prism          Conj/Alch      6%         3d7       45%         4
 Iskenderun's Mystic Bla  Conj/Tloc      13%        2d5       45%         4


Dungeon Overview and Level Annotations

Branches:
Dungeon (1/15)

Altars:


Message History

You hit the frilled lizard.
The frilled lizard is heavily wounded.
The frilled lizard misses you.
You hit the frilled lizard but do no damage.
The frilled lizard is heavily wounded.
The frilled lizard barely misses you.
You barely miss the frilled lizard.
The frilled lizard is heavily wounded.
The frilled lizard misses you.
You miss the frilled lizard.
The frilled lizard bites you but does no damage.
You closely miss the frilled lizard. The frilled lizard bites you.
You hit the frilled lizard.
You kill the frilled lizard!
You see here a frilled lizard corpse.
You see here a frilled lizard corpse.
There is a fountain of clear blue water here.
There is a staircase leading out of the dungeon here.
HP restored.
There is a fountain of clear blue water here.
You see here a frilled lizard corpse.
b - a scroll labelled QUSIACEXZOPS You now have 29 gold pieces (gained 17).
A quokka comes into view.
A quokka is nearby!
A quokka is nearby!
You hit the quokka but do no damage. The quokka bites you.
You barely miss the quokka.
The quokka bites you but does no damage.
You hit the quokka but do no damage. The quokka barely misses you.
The quokka bites you.
You closely miss the quokka.
The quokka bites you but does no damage.
You closely miss the quokka. The quokka closely misses you.
You closely miss the quokka. The quokka bites you.
Ouch! That really hurt!
* * * LOW HITPOINT WARNING * * *
You closely miss the quokka. The quokka bites you.
Ouch! That really hurt!
You die...

.≈≈...# ..≈...#
... ⌠.≈≈..# #.#
...≈..# #.#
.⌠.≈..# #.#
...≈..# #.#
⌠.≈≈..# #.#
..≈...# #r#
.≈≈..## #@# .≈...#
#.# ≈≈..## #.#
....############.#
.................#
#######..#########
# #..#
#######..######
...............


You could see a quokka.

Vanquished Creatures
  A frilled lizard (D:1)
1 creature vanquished.

Notes
Turn   | Place    | Note
-------+----------+-------------------------------------------
     0 | D:1      | robertmeta the Deep Elf Conjurer began the quest for the
                  | Orb.
     0 | D:1      | Reached XP level 1. HP: 10/10 MP: 6/6
    10 | D:1      | Upgraded the game from 0.31-a0-1308-ga3cce3a448 to
                  | 0.32-a0-12-g7fc57aa741
   144 | D:1      | Slain by a quokka

Illustrated notes

Levels and vault maps discovered:
D:1:      mainiacjoe_arrival_oval_in_oval, layout_loops_ring

Action                     || total
---------------------------++-------
  Melee: Unarmed           ||    17
    Use: Potion            ||     1
 Armour: Robe              ||    10
  Dodge: Dodged            ||    10

Table legend: (Time is in decaauts)
 A = Elapsed time spent in this place.
 B = Non-inter-level travel time spent in this place.
 C = Inter-level travel time spent in this place.
 D = Time resting spent in this place.
 E = Time spent auto-exploring this place.
 F = Levels seen in this place.
 G = Mean time per level.
                   A        B        C        D        E       F      G
               +--------+--------+--------+--------+--------+-----+--------+
         Total |    144 |    144 |      0 |      0 |     97 |   1 |  144.0 |
       Dungeon |    144 |    144 |      0 |      0 |     97 |   1 |  144.0 |
               +--------+--------+--------+--------+--------+-----+--------+

Top non-repeatable levels by time:
     D:1: 144 daAuts
